 Dungeon Crawl Stone Soup version 0.26-a0-707-g31817bc (webtiles) character file.

Game seed: 4766206849980215749

12476 BarneyGumball the Covert (level 11, -1/60 HPs)
             Began as a Spriggan Enchanter on Oct 26, 2020.
             Was an Elder of Ru.
             Slain by a seven-headed hydra (13 damage)
             ... on level 1 of the Lair of Beasts on Oct 27, 2020.
             The game lasted 01:33:50 (16035 turns).

BarneyGumball the Covert (Spriggan Enchanter)      Turns: 16035, Time: 01:33:51

Health: -1/60      AC:  4    Str:  4    XL:     11   Next: 63%
Magic:  21/21      EV: 24    Int: 21    God:    Ru [****..]
Gold:   262        SH:  0    Dex: 19    Spells: 19/22 levels left

rFire    . . .     SeeInvis +   L - +3 scimitar (flame)
rCold    . . .     Faith    .   (shield unavailable)
rNeg     . . .     Spirit   .   F - +2 robe {MR+}
rPois    .         Reflect  .   K - +0 hat {Int+3}
rElec    .         Harm     .   (no cloak)
rCorr    .         Rampage  .   (gloves unavailable)
MR       ++...                  (boots unavailable)
Stlth    ++++++....             (no amulet)
HPRegen  0.20/turn              (ring unavailable)
MPRegen  0.17/turn              y - +4 ring of slaying

@: no potions, very quick
A: very small, unfitting armour, see invisible, speed 3, inability to drink
while threatened, missing a hand
a: Draw Out Power, Power Leap, Renounce Religion


You were on level 1 of the Lair of Beasts.
You worshipped Ru.
Ru was greatly pleased with you.
You visited 3 branches of the dungeon, and saw 12 of its levels.

You collected 610 gold pieces.
You spent 348 gold pieces at shops.

Inventory:

Hand Weapons
 a - a +2 short sword of venom
 b - a +2 dagger of speed
 L - a +3 scimitar of flaming (weapon)
Missiles
 o - 33 poisoned darts
 G - a throwing net (quivered)
Armour
 F - a +2 robe of magic resistance (worn)
 K - a +0 hat of intelligence (worn)
Jewellery
 q - an uncursed ring of flight
 y - a +4 ring of slaying (right hand)
 I - an uncursed ring of protection from cold
Wands
 x - a wand of disintegration (15)
 A - a wand of enslavement (4)
 D - a wand of digging (6)
 E - a wand of iceblast (13)
Scrolls
 d - 7 scrolls of remove curse
 f - 5 scrolls of enchant weapon
 h - 3 scrolls of magic mapping
 l - 2 scrolls of enchant armour
 m - 2 scrolls of fog
 n - a scroll of immolation
 r - 2 scrolls of amnesia
 t - 6 scrolls of teleportation
 u - 3 scrolls of blinking
Potions
 c - 3 potions of curing
 e - a potion of experience {unknown}
 g - 10 potions of stabbing
 i - a potion of haste {unknown}
 j - a potion of cancellation {unknown}
 k - 3 potions of heal wounds
 p - a potion of magic {unknown}
 v - 2 potions of mutation
 z - 5 potions of flight
 H - 2 potions of lignification


   Skills:
 - Level 8.0 Fighting
 * Level 9.8 Short Blades
 - Level 8.0 Dodging
 + Level 13.6 Stealth
 - Level 6.0 Spellcasting
 + Level 9.9 Hexes


You had 19 spell levels left.
You knew the following spells:

 Your Spells              Type           Power        Failure   Level
a - Corona                Hex            #####..      1%          1
b - Ensorcelled Hibernat  Hex/Ice        ####..       1%          2

Your spell library contained the following spells:

 Spells                   Type           Power        Failure   Level
 Confusing Touch          Hex            #####...     1%          3
 Tukima's Dance           Hex            #####...     1%          3
 Dazzling Flash           Conj/Hex       ####..       3%          3
 Gell's Gravitas          Tloc           #.........   28%         3
 Metabolic Englaciation   Hex/Ice        ####......   34%         5
 Yara's Violent Unravell  Hex/Tmut       ####......   34%         5
 Petrify                  Tmut/Erth      #.......     67%         4
 Irradiate                Conj/Tmut      #.........   95%         5
 Hydra Form               Tmut           #.........   100%        6
 Statue Form              Tmut/Erth      #........    100%        6
 Dragon Form              Tmut           #.........   100%        7


Dungeon Overview and Level Annotations

Branches:
Dungeon (10/15)            Temple (1/1) D:7            Lair (1/6) D:8
    Orc: D:9-12

Altars:
Ashenzari
Cheibriados
Dithmenos
Elyvilon
Fedhas
Hepliaklqana
Kikubaaqudgha
Makhleb
Nemelex Xobeh
Okawaru
Qazlal
Ru
Sif Muna
Trog
Uskayaw
Vehumet
Wu Jian
Xom
Yredelemnul
Zin
The Shining One

Shops:
D:6 ?   D:9 *

Annotations:
D:2 exclusion: door
D:7 exclusion: door


Innate Abilities, Weirdness & Mutations

You are very small and have problems with some larger weapons.
You are too small for most types of armour.
You have supernaturally acute eyesight. (SInv)
You cover ground extremely quickly.
You cannot drink potions while threatened.
You are missing a hand.


Message History

You focus your will and illuminate the eight-headed hydra in retribution!
The eight-headed hydra misses you. The eight-headed hydra bites you!
You feel threatened and lose the ability to drink potions!
The eight-headed hydra completely misses you.
The eight-headed hydra misses you. The eight-headed hydra bites you.
You hack one of the eight-headed hydra's heads off!
The flame cauterises the wound!
You hit the seven-headed hydra. You burn the seven-headed hydra.
The seven-headed hydra is lightly wounded.
You can drink potions again.
The seven-headed hydra bites you!
You feel threatened and lose the ability to drink potions!
The seven-headed hydra completely misses you.
The seven-headed hydra bites you.
The seven-headed hydra completely misses you.
The seven-headed hydra bites you!
* * * LOW HITPOINT WARNING * * *
You focus your will and illuminate the seven-headed hydra in retribution!
The seven-headed hydra misses you. The seven-headed hydra bites you!
You die...

##.......#
#........#
#......# .
#......#..
##........#
#.......F.#
##.........
##D####.#...
#.@## ###..##
##..# ##...#
#..#####.#..##
#..##........##
##............#
#............##
#.............##
#..........##..#
##........###..##


You could see a seven-headed hydra (corona).

Vanquished Creatures
  Gastronok (D:10)
  Erica (D:10)
  A two-headed ogre (D:5)
  Psyche (D:8)
  A cane toad (Lair:1)
  A gargoyle (D:10)
  A komodo dragon (D:8)
  Maggie (D:8)
  2 trolls (D:9)
  12 yaks
  A wyvern (D:8)
  Eustachio (D:6)
  Grum (D:8)
  Menkaure (D:5)
  3 water moccasins
  3 black bears
  2 phantoms
  An orc warrior (D:9)
  6 ice beasts
  4 ogres
  3 centaurs
  4 wolves (D:8)
  A big kobold (D:8)
  11 bullfrogs
  A wyvern zombie (D:9)
  A scorpion (D:6)
  18 killer bees
  2 howler monkeys (D:10)
  A bullfrog zombie (D:10)
  3 hounds
  3 jellies
  2 quasits
  A gnoll shaman (D:7)
  5 orc priests
  7 orc wizards
  2 centaur skeletons
  3 iguanas
  9 worker ants
  A killer bee zombie (D:10)
  2 hound zombies
  A hound skeleton (D:7)
  2 worker ant zombies
  A howler monkey skeleton (D:9)
  5 gnolls (D:7)
  14 adders
  5 white imps
  5 ufetubi
  An ooze (D:2)
  2 adder zombies
  An adder skeleton (D:8)
  2 worms
  2 dart slugs
  6 leopard geckos
  27 orcs
  6 giant cockroaches
  3 goblins
  4 hobgoblins
  11 jackals
  4 quokkas
  2 ball pythons (D:1)
  5 bats
  2 frilled lizards (D:2)
  A giant cockroach zombie (D:6)
  A goblin skeleton (D:9)
  A hobgoblin zombie (D:9)
  7 kobolds
  A kobold skeleton (D:9)
  2 kobold zombies (D:9)
  2 orc skeletons (D:9)
  An orc zombie (D:9)
  6 rats
258 creatures vanquished.

Vanquished Creatures (others)
  32 fungi (D:8)
  39 plants
71 creatures vanquished.

Grand Total: 329 creatures vanquished

Notes
Turn   | Place    | Note
-------+----------+-------------------------------------------
     0 | D:1      | BarneyGumball the Spriggan Enchanter began the quest for
                  | the Orb.
     0 | D:1      | Reached XP level 1. HP: 9/9 MP: 5/5
   577 | D:1      | Reached XP level 2. HP: 13/13 MP: 6/6
   582 | D:1      | Learned a level 2 spell: Ensorcelled Hibernation
  1462 | D:2      | Reached skill level 5 in Stealth
  1607 | D:2      | Reached XP level 3. HP: 16/16 MP: 8/8
  2105 | D:2      | Reached skill level 6 in Stealth
  2439 | D:2      | Noticed a moth of wrath
  2441 | D:2      | Found a bloodstained altar of Trog.
  2899 | D:3      | Reached XP level 4. HP: 12/21 MP: 6/9
  3106 | D:3      | Found a glowing drain.
  3548 | D:3      | Reached skill level 7 in Stealth
  3602 | D:4      | Noticed an ogre
  3648 | D:4      | Killed an ogre
  3648 | D:4      | Reached skill level 8 in Stealth
  3648 | D:4      | Reached XP level 5. HP: 24/24 MP: 4/10
  3907 | D:4      | Reached XP level 6. HP: 18/28 MP: 11/11
  4411 | D:4      | Got a shimmering bone amulet
  4471 | D:4      | Identified the amulet of the Sky {Regen+ Str+6 Int+5 Dex-4}
                  | (You found it on level 4 of the Dungeon)
  4480 | D:5      | Entered Level 5 of the Dungeon
  4480 | D:5      | Found a stormy altar of Qazlal.
  4505 | D:5      | Noticed Menkaure
  4515 | D:5      | Killed Menkaure
  4515 | D:5      | Reached skill level 5 in Hexes
  4754 | D:5      | Reached XP level 7. HP: 25/32 MP: 12/12
  4884 | D:5      | Found an ornate altar of the Wu Jian Council.
  5240 | D:5      | Noticed a two-headed ogre
  5276 | D:5      | Killed a two-headed ogre
  5276 | D:5      | Reached skill level 9 in Stealth
  5276 | D:5      | Reached XP level 8. HP: 36/36 MP: 7/18
  5433 | D:5      | Found a shimmering blue altar of Sif Muna.
  5532 | D:5      | Found a burning altar of Makhleb.
  5781 | D:6      | Found Dariulol's Magic Scroll Shop.
  5784 | D:6      | Bought a scroll of remove curse for 33 gold pieces
  5784 | D:6      | Bought a scroll of blinking for 82 gold pieces
  5784 | D:6      | Bought a scroll of identify for 22 gold pieces
  5784 | D:6      | Bought a scroll of teleportation for 33 gold pieces
  5789 | D:6      | Found an ancient bone altar of Kikubaaqudgha.
  6109 | D:6      | Found a hazy altar of Hepliaklqana.
  6196 | D:6      | Noticed Eustachio
  6201 | D:6      | Killed Eustachio
  6201 | D:6      | Reached skill level 1 in Fighting
  6201 | D:6      | Reached skill level 5 in Dodging
  7085 | D:7      | Found a basalt altar of Yredelemnul.
  7133 | D:7      | Reached XP level 9. HP: 33/42 MP: 19/19
  8941 | D:7      | Found a staircase to the Ecumenical Temple.
  8949 | Temple   | Entered the Ecumenical Temple
  9156 | Temple   | Became a worshipper of Ru the Awakened
 10030 | D:8      | Reached skill level 5 in Fighting
 10743 | D:8      | Noticed a komodo dragon
 10791 | D:8      | Killed a komodo dragon
 10919 | D:8      | Reached XP level 10. HP: 26/53 MP: 20/20
 11389 | D:8      | Noticed Psyche
 11400 | D:8      | Found a staircase to the Lair.
 11419 | D:8      | Gained mutation: You cannot drink potions while threatened.
                  | [Ru sacrifice]
 11419 | D:8      | Reached * piety under Ru
 11460 | D:8      | Killed Psyche
 11611 | D:8      | Noticed Maggie
 11930 | D:8      | Killed Maggie
 11979 | D:8      | Reached skill level 5 in Short Blades
 11990 | D:8      | Noticed Grum
 12000 | D:8      | Killed Grum
 12000 | D:8      | Reached skill level 10 in Stealth
 12506 | D:8      | Reached skill level 11 in Stealth
 13140 | D:9      | Found a glowing golden altar of the Shining One.
 13269 | D:9      | Found a broken altar of Ashenzari.
 13789 | D:9      | Reached skill level 12 in Stealth
 14094 | D:9      | Found Isyrusha's General Store.
 14102 | D:9      | Bought a potion of heal wounds for 85 gold pieces
 14102 | D:9      | Bought a scroll of immolation for 59 gold pieces
 14102 | D:9      | Bought a scroll of identify for 34 gold pieces
 14252 | D:9      | Reached XP level 11. HP: 53/60 MP: 21/21
 14395 | D:9      | Gained mutation: You are missing a hand. [Ru sacrifice]
 14395 | D:9      | Reached ** piety under Ru
 14395 | D:9      | Reached *** piety under Ru
 14395 | D:9      | Reached **** piety under Ru
 14804 | D:10     | Entered Level 10 of the Dungeon
 15273 | D:10     | Noticed Gastronok
 15320 | D:10     | Killed Gastronok
 15320 | D:10     | Reached skill level 13 in Stealth
 15382 | D:10     | Noticed Erica
 15410 | D:10     | Killed Erica
 15679 | Lair:1   | Entered Level 1 of the Lair of Beasts
 16019 | Lair:1   | Noticed an eight-headed hydra
 16035 | Lair:1   | Slain by a seven-headed hydra

Illustrated notes

Levels and vault maps discovered:
D:1:      lemuel_arrival_lava_pool, layout_basic, minivault_26
D:2:      layout_basic, tgw_trog
D:3:      layout_basic, marbit_many_paths, gup_sewer_entry_glass, uniq_ijyb
D:4:      layout_rooms, lemuel_doored_altar, st_stairs_14
D:5:      layout_basic, led_sif_book, overflow_temple_1_default,
          grunt_qazlal_clouds, kennysheep_mini_moat, patterned_corridor,
          uniq_menkaure
D:6:      layout_gridville, old_standard_altar, lemuel_crystal_altar,
          serial_shops, shop, uniq_eustachio
D:7:      layout_gridville, yredelemnul_altar_generic, minmay_temple_entry_mist
D:8:      layout_gridville, due_lair_maze_entry_diamond, uniq_grum, uniq_maggie,
          uniq_psyche
D:9:      layout_irregular_city, nicolae_overflow_crystal_walls, serial_shops,
          shop, skrybe_limestone_x, nicolae_tso_besieged_by_evil
D:10:     layout_rooms, uniq_erica, uniq_gastronok
Temple:   minmay_temple_curvy_loop
Lair:1:   layout_cave_pods

Skill      XL: |  1  2  3  4  5  6  7  8  9 10 11 |
---------------+----------------------------------+-----
Stealth        | 5 6 8 9 12 13 | 13.6
Short Blades   | 2 3 4 7 9 |  9.8
Hexes          | 4 5 7 8 9 |  9.9
Spellcasting   | 3 6 |  6.0
Dodging        | 6 8 |  8.0
Fighting       | 1 6 8 |  8.0

Action                   |  1- 3 |  4- 6 |  7- 9 | 10-12 || total
-------------------------+-------+-------+-------+-------++-------
Melee: Dagger            |   140 |     5 |       |    53 ||   198
       Short sword       |       |    86 |   348 |   297 ||   731
       Scimitar          |       |       |       |     2 ||     2
 Cast: Ensorcelled Hiber |     5 |    15 |    45 |    34 ||    99
       Corona            |       |       |    14 |       ||    14
Invok: Sacrifice Drink   |       |       |       |     1 ||     1
       Sacrifice a Hand  |       |       |       |     1 ||     1
Evoke: Wand              |       |       |     1 |       ||     1
  Use: Scroll            |       |       |    11 |     2 ||    13
       Potion            |       |       |     2 |       ||     2
 Stab: Sleeping          |    20 |    17 |    34 |    32 ||   103
       Distracted        |       |       |     2 |     3 ||     5
       Invisible         |       |       |       |     2 ||     2
Armor: Robe              |    16 |     3 |    18 |    14 ||    51
Dodge: Dodged            |    97 |    86 |   330 |   270 ||   783

Table legend: (Time is in decaauts)
 A = Elapsed time spent in this place.
 B = Non-inter-level travel time spent in this place.
 C = Inter-level travel time spent in this place.
 D = Time resting spent in this place.
 E = Time spent auto-exploring this place.
 F = Levels seen in this place.
 G = Mean time per level.
                   A        B        C        D        E       F      G
               +--------+--------+--------+--------+--------+-----+--------+
         Total |  12383 |  11978 |    405 |   4286 |   3561 |  12 | 1031.9 |
       Dungeon |  11992 |  11602 |    390 |   4286 |   3244 |  10 | 1199.2 |
        Temple |    143 |    129 |     14 |      0 |    110 |   1 |  143.0 |
          Lair |    247 |    247 |      0 |      0 |    206 |   1 |  247.0 |
               +--------+--------+--------+--------+--------+-----+--------+

Top non-repeatable levels by time:
     D:7: 2971 daAuts
     D:8: 2002 daAuts
     D:5: 1253 daAuts
     D:2: 1205 daAuts
     D:9: 1190 daAuts
     D:1: 1041 daAuts
     D:4: 699 daAuts
     D:6: 690 daAuts
    D:10: 581 daAuts
     D:3: 357 daAuts
  Lair:1: 247 daAuts
  Temple: 143 daAuts
